 Dungeon Crawl Stone Soup version 0.32-a0-953-g508020473e (webtiles) character file.

Game seed: 15884128205342589064

32818 jasper the Epochal (level 14, -10/103 HPs)
             Began as a Djinni Fighter on Apr 16, 2024.
             Was an Elder of Cheibriados.
             Mangled by a catoblepas (12 damage)
             ... on level 3 of the Lair of Beasts.
             The game lasted 00:27:26 (16698 turns).

jasper the Epochal (Djinni Fighter)                Turns: 16698, Time: 00:27:27

Health: -10/103    AC: 15    Str: 30    XL:     14   Next: 4%
Gold:   1880       EV: 22    Int: 24    God:    Cheibriados [****..] SH: 13 Dex: 22

rFire   + .          .
                       - Unarmed
rCold   + . .        J - +0 kite shield
rNeg    . . .        q - +0 acid dragon scales
rPois   ∞            a - +2 helmet of the Evening Star {rC+ Str+6 Stlth+}
rElec   .            v - +2 cloak
rCorr   +            n - +1 pair of gloves
SInv    .            (boots unavailable)
Will    +....        (no amulet)
Stlth   ++++         o - ring of ice
HPRegen 0.37/turn    H - +5 ring of evasion

%: infuse magic (-11 HP)
@: flying, very slow
A: sickness immunity, fire resistance 2, cold vulnerability 1, float, innate
caster, HP casting, extra vitality 1
a: Renounce Religion, Bend Time, Temporal Distortion, Slouch


You were on level 3 of the Lair of Beasts.
You worshipped Cheibriados.
Cheibriados was greatly pleased with you.
You visited 3 branches of the dungeon, and saw 16 of its levels.
You also visited: Bailey.

You collected 2120 gold pieces.
You spent 240 gold pieces at shops.

Inventory:

Hand Weapons
 d - the +9 orcbow of the Exiled Yaks {elec, Int+4 Dex+4}
   (You took it off a kobold in a bailey)

   Int+4:     It affects your intelligence (+4).
   Dex+4:     It affects your dexterity (+4).
Missiles
 e - 133 stones
 f - 16 boomerangs (quivered)
Armour
 a - the +2 helmet of the Evening Star (worn) {rC+ Str+6 Stlth+}
   (You found it on level 10 of the Dungeon)

   Str+6:     It affects your strength (+6).
   rC+:       It protects you from cold.
   Stlth+:    It makes you more stealthy.
 b - a +0 buckler
 c - a +0 helmet
 n - a +1 pair of gloves (worn)
 q - +0 acid dragon scales (worn)
 v - a +2 cloak (worn)
 C - a scarf of harm
 J - a +0 kite shield (worn)
 K - +0 fire dragon scales
Magical Staves
 G - the staff of Dishonour {rF+ rC+ Int+3 Dex+3 Necro Ice}
   (You took it off a yaktaur on level 12 of the Dungeon)

   [staff of cold]

   Base accuracy: +5 Base damage: 5 Base attack delay: 1.2 This weapon's minimum
   attack delay (0.6) is reached at skill level 12.
   Int+3:     It affects your intelligence (+3).
   Dex+3:     It affects your dexterity (+3).
   rF+:       It protects you from fire.
   rC+:       It protects you from cold.
   Necro:     It increases the power of your Necromancy spells.
   Ice:       It increases the power of your Ice spells.
   It falls into the 'Staves' category.
   It is a one-handed weapon.
Jewellery
 o - a ring of ice (left hand)
 p - a ring of fire
 H - a +5 ring of evasion (right hand)
 S - a ring of resist corrosion
 W - a ring of protection from fire
Talismans
 U - a blade talisman
Wands
 s - a wand of charming (7)
 B - a wand of flame (3)
 E - a wand of quicksilver (19)
 M - a wand of polymorph (4)
Scrolls
 g - a scroll of immolation
 h - 5 scrolls of teleportation
 u - 2 scrolls of vulnerability
 x - 2 scrolls of fear
 y - a scroll of revelation
 A - a scroll of fog
 Q - a scroll of identify
 R - 2 scrolls of poison
Potions
 i - 5 potions of curing
 j - a potion of brilliance
 k - 7 potions of degeneration
 l - 2 potions of berserk rage
 m - 4 potions of lignification
 r - a potion of mutation
 t - a potion of ambrosia
 w - 4 potions of haste
 D - 3 potions of might
 F - a potion of invisibility {unknown}
 N - a potion of enlightenment
 O - a potion of attraction {unknown}
 T - a potion of magic {unknown}
 V - a potion of heal wounds
Miscellaneous
 z - a sack of spiders (inert)
 I - a phial of floods
 L - a tin of tremorstones (2/2)
 P - a lightning rod (1/4)


   Skills:
 - Level 10.0 Fighting
 - Level 3.0 Armour
 - Level 10.0 Dodging
 - Level 5.0 Stealth
 - Level 10.0 Shields
 - Level 10.0 Unarmed Combat
 - Level 12.0 Invocations
 + Level 3.7 Evocations


You knew the following spells:

 Your Spells              Type           Power      Damage    Failure   Level
a - Sandblast             Erth           0%         2d4       26%         1
b - Call Imp              Summ           0%         N/A       38%         2
c - Momentum Strike       Conj/Tloc      0%         3d8       38%         2
d - Summon Lightning Spi  Summ/Air       0%         N/A       95%         4
e - Arcjolt               Conj/Air       0%         1d10      100%        5
f - Fireball              Conj/Fire      0%         3d3       100%        5
Your spell library was empty.


Dungeon Overview and Level Annotations

Branches:
Dungeon (12/15)            Temple (1/1) D:6            Lair (3/5) D:10
 Shoals (0/4) Lair:3       Spider (0/4) Lair:2          Orc (0/2) D:12
 Bailey (visited)

Altars:
Ashenzari
Cheibriados
Dithmenos
Elyvilon
Fedhas
Gozag
Hepliaklqana
Makhleb
Nemelex Xobeh
Okawaru
Qazlal
Ru
Trog
Uskayaw
Wu Jian
Xom
Yredelemnul
Zin
The Shining One
Beogh

Shops:
D:5 *   D:11 :

Portals:
Gauntlet: Lair:3

Annotations:
D:12 3 runed translucent doors, Xuelyfit's ghost, journeyman DjWr


Innate Abilities, Weirdness & Mutations

You are immune to sickness and miasma.
You are immune to poison.
Your flesh is very heat resistant. (rF++)
You are vulnerable to cold. (rC-)
You float through the air rather than walking.
You learn spells naturally, not from books.
Your magical power is your life essence.
You have superior vitality. (+4 MHP)


Message History

Cheibriados thoroughly appreciates the change of pace.
You kill the rime drake!
Cheibriados appreciates the change of pace.
You can no longer step out of the flow of time.
Cheibriados lowers the support of your attributes as your movement quickens.
You are engulfed in calcifying dust.
The catoblepas gores you!!
Your limbs are stiffening.
You take 16 damage, and have 63/103 hp.
Unknown command.
Activating: Slouch (1% risk of failure)
Press: ? - help, Dir - look around, f - activate You can feel time thicken for a moment.
Cheibriados lowers the support of your attributes as your movement quickens.
You are engulfed in calcifying dust.
Your limbs have turned to stone.
The ice encasing you melts away. The catoblepas gores you!!
The catoblepas closely misses you.
You have turned to stone.
You are engulfed in calcifying dust.
The catoblepas gores you!!
You are engulfed in calcifying dust.
The catoblepas gores you. The catoblepas gores you!!
* * * LOW HITPOINT WARNING * * *
The catoblepas gores you!
* * * LOW HITPOINT WARNING * * *
The catoblepas gores you!!
* * * LOW HITPOINT WARNING * * *
The catoblepas breathes a plume of calcifying dust at you.
The blast of calcifying dust hits you but does no damage.
You are engulfed in calcifying dust.
The catoblepas gores you!
* * * LOW HITPOINT WARNING * * *
You hear the beating of a drum.
You are engulfed in calcifying dust.
The catoblepas breathes a plume of calcifying dust at you.
The blast of calcifying dust hits you.
* * * LOW HITPOINT WARNING * * *
You are engulfed in calcifying dust.
The catoblepas gores you.
You turn to flesh and can move again.
You take 61 damage, and have 2/103 hp.
MASSIVE DAMAGE!!
The catoblepas gores you!
You die...
Cheibriados appreciates the motionlessness of death.

,,...#**,*,......,.##***<,,*,,,,,
,,...P#,*,,#........##,..,,,,,,,*
,,#....#***#.........#...,,**,*,*
*,......*###.#...#.......,,*,*,,,
,,*,#...##.##.......#...#*,,,,,,,
,,,*##...†##*#.........P#*,,,,,,,
,,,##.....####......∩†#***,,,,,,,
.,,#P.......P...Y§....#*,,,,,,,,,
...#............@§....#*,,,,,,,,,
.^..........P..#.§...##,,,,,,,,,,
##.##...!<...............,,,,*,,,
.#..###..........#.#.#.##,*,,>,,,
.#...#.#.†.........###*#,,,,,,,,,
....................* **,*,,,,*,
$........#..........# ****,,,,*
...................## ***,,,,*,
#.......#.........,,*****,*,,,,,,


You could see a catoblepas.

Vanquished Creatures
  A fire dragon (D:10)
  Josephine (D:10)
  2 entropy weavers (shapeshifter) (D:12)
  A boulder beetle (D:12)
  6 two-headed ogres
  Lodul (D:11)
  Pikel (D:6)
  A cyclops (D:12)
  5 elephants (Lair:2)
  8 cane toads
  A gargoyle (D:8)
  A cane toad (shapeshifter) (D:10)
  2 rime drakes (Lair:3)
  An unseen horror (D:11)
  7 komodo dragons
  A freezing wraith (D:12)
  2 yaktaurs (D:12)
  Psyche (D:8)
  5 trolls
  A polar bear (Lair:2)
  A hornet (D:10)
  7 blink frogs (Lair:2)
  5 slime creatures (D:12)
  A culicivora (Lair:2)
  Eustachio (D:6)
  A centaur simulacrum (D:12)
  A shadow (D:10)
  12 yaks
  5 wraiths
  4 wyverns
  Grum (D:8)
  2 basilisks
  A redback (Lair:2)
  8 vampire mosquitoes
  2 steam dragons (D:8)
  Menkaure (D:7)
  4 acid dragons
  4 water moccasins
  5 black bears
  4 ice beasts
  A sky beast (D:7)
  6 orc warriors
  10 ogres
  A laughing skull (D:12)
  9 wolves
  4 centaurs
  10 bullfrogs
  8 kobold brigands
  A gnoll sergeant (D:10)
  A scorpion (D:7)
  8 wights
  7 killer bees
  3 howler monkeys
  3 electric eels (D:10)
  A bombardier beetle (D:3)
  7 hounds
  2 gnoll boudas
  8 orc priests
  A jelly (D:5)
  A sleepcap (D:5)
  Jessica (D:3)
  An iguana (D:5)
  Ijyb (D:3)
  8 orc wizards
  7 gnolls
  7 adders
  2 shadow imps (D:7)
  A white imp (D:7)
  8 ufetubi
  2 dart slugs
  27 orcs
  3 endoplasms
  A giant cockroach (D:4)
  15 goblins
  4 hobgoblins
  12 jackals
  17 kobolds
  6 quokkas
  12 ball pythons
  7 bats
  4 frilled lizards
  9 rats
366 creatures vanquished.

Vanquished Creatures (collateral kills)
  An electric eel (D:10)
1 creature vanquished.

Grand Total: 367 creatures vanquished

Notes
Turn   | Place    | Note
-------+----------+-------------------------------------------
     0 | D:1      | jasper the Djinni Fighter began the quest for the Orb.
     0 | D:1      | Reached XP level 1. HP: 20/20 MP: 0/0
   140 | D:1      | Reached XP level 2. HP: 25/25 MP: 0/0
   403 | D:1      | Reached XP level 3. HP: 26/30 MP: 0/0
   403 | D:1      | Learned a level 1 spell: Sandblast
   881 | D:2      | Found a faded altar of an unknown god.
  1041 | D:2      | Reached XP level 4. HP: 35/37 MP: 0/0
  1756 | D:3      | Reached XP level 5. HP: 30/42 MP: 0/0
  1756 | D:3      | Learned a level 2 spell: Call Imp
  1805 | D:3      | Found a bloodstained altar of Trog.
  1956 | D:3      | Noticed Ijyb
  1972 | D:3      | Killed Ijyb
  2108 | D:3      | Found a shadowy altar of Dithmenos.
  2173 | D:3      | Noticed Jessica
  2184 | D:3      | Killed Jessica
  2536 | D:4      | Reached XP level 6. HP: 49/49 MP: 0/0
  2775 | D:4      | Reached skill level 5 in Fighting
  2909 | D:4      | Noticed an ogre
  2991 | D:5      | Entered Level 5 of the Dungeon
  3079 | D:5      | Noticed a black bear
  3151 | D:5      | Noticed an ice beast
  3452 | D:6      | Noticed Pikel
  3473 | D:6      | Reached skill level 5 in Unarmed Combat
  3490 | D:6      | Killed Pikel
  3491 | D:6      | Reached XP level 7. HP: 20/57 MP: 0/0
  3491 | D:6      | Learned a level 2 spell: Momentum Strike
  3491 | D:6      | Reached XP level 8. HP: 22/62 MP: 0/0
  3754 | D:6      | Identified the +2 plate armour "Zeurghuut" {rCorr}
  4389 | D:6      | Noticed Eustachio
  4415 | D:6      | Killed Eustachio
  4716 | D:6      | Found a staircase to the Ecumenical Temple.
  4836 | Temple   | Entered the Ecumenical Temple
  4861 | Temple   | Became a worshipper of Cheibriados the Contemplative
  5060 | D:7      | Reached XP level 9. HP: 70/70 MP: 0/0
  5060 | D:7      | Learned a level 4 spell: Summon Lightning Spire
  5086 | D:7      | Found an ornate altar of the Wu Jian Council.
  5318 | D:7      | Found a flagged portal.
  5336 | D:7      | Noticed Menkaure
  5344 | D:7      | Killed Menkaure
  5392 | Bailey   | Entered a bailey
  5734 | Bailey   | Identified the +9 orcbow of the Exiled Yaks {elec, Int+4
                  | Dex+4}
  5735 | Bailey   | Reached * piety under Cheibriados
  6064 | Bailey   | Found a burning altar of Makhleb.
  6883 | D:5      | Reached XP level 10. HP: 80/80 MP: 0/0
  6997 | D:5      | Reached skill level 10 in Fighting
  7003 | D:5      | Reached ** piety under Cheibriados
  7204 | D:5      | Found Toageuma's Serpentskin Sales.
  7211 | D:5      | Bought 3 scrolls of poison for 180 gold pieces
  7211 | D:5      | Bought a scroll of poison for 60 gold pieces
  7218 | D:5      | Reached skill level 10 in Unarmed Combat
  7282 | D:5      | Reached skill level 1 in Dodging
  7387 | D:4      | Found a sparkling altar of Nemelex Xobeh.
  7654 | D:4      | Found a white marble altar of Elyvilon.
  7669 | D:4      | Found a glowing golden altar of the Shining One.
  7949 | D:8      | Noticed a two-headed ogre
  7955 | D:8      | Killed a two-headed ogre
  7964 | D:8      | Reached skill level 5 in Shields
  8158 | D:8      | Found an opulent altar of Gozag.
  8302 | D:8      | Reached skill level 5 in Dodging
  8503 | D:8      | Found a stormy altar of Qazlal.
  8517 | D:8      | Reached *** piety under Cheibriados
  8518 | D:8      | Noticed Grum
  8527 | D:8      | Killed Grum
  8684 | D:8      | Noticed Psyche
  8725 | D:8      | Killed Psyche
  8833 | D:8      | Reached XP level 11. HP: 84/85 MP: 0/0
  8833 | D:8      | Learned a level 5 spell: Arcjolt
  8835 | D:8      | Noticed a two-headed ogre
  8849 | D:8      | Killed a two-headed ogre
  9023 | D:8      | Noticed a two-headed ogre
  9029 | D:8      | Found the +6 shillelagh "Devastator" {shatter}
  9033 | D:8      | Killed a two-headed ogre
  9813 | D:9      | Noticed a two-headed ogre
  9823 | D:9      | Killed a two-headed ogre
  9823 | D:9      | Reached **** piety under Cheibriados
 10342 | D:10     | Entered Level 10 of the Dungeon
 10452 | D:10     | Found a hide-covered altar of Uskayaw.
 10947 | D:10     | Identified the +2 helmet of the Evening Star {rC+ Str+6
                  | Stlth+}
 11018 | D:10     | Noticed Josephine
 11040 | D:10     | Killed Josephine
 11041 | D:10     | Reached XP level 12. HP: 48/91 MP: 0/0
 11422 | D:10     | Noticed a fire dragon
 11444 | D:10     | Killed a fire dragon
 11445 | D:10     | Reached skill level 10 in Dodging
 11445 | D:10     | Reached skill level 10 in Shields
 11578 | D:10     | Identified the +5 mace of Lunwoshi {antimagic, Dex+3}
 11639 | D:10     | Found a staircase to the Lair.
 11660 | D:10     | Reached skill level 1 in Invocations
 11670 | D:10     | Reached ***** piety under Cheibriados
 11673 | D:10     | Reached skill level 2 in Invocations
 11820 | D:10     | Reached skill level 3 in Invocations
 11998 | D:11     | Noticed a two-headed ogre
 12005 | D:11     | Killed a two-headed ogre
 12006 | D:11     | Reached skill level 4 in Invocations
 12008 | D:11     | Noticed Lodul
 12012 | D:11     | Reached skill level 5 in Invocations
 12012 | D:11     | Killed Lodul
 12013 | D:11     | Reached skill level 6 in Invocations
 12164 | D:11     | Identified the +9 rapier "Riaz Soe" {venom, *Noise rF+
                  | Will+ Stlth+}
 12543 | D:11     | Found Deuzed's Book Shop.
 13208 | D:12     | Found a runed translucent gate.
 13209 | D:12     | Found a runed translucent gate.
 13209 | D:12     | Noticed Xuelyfit's ghost (journeyman DjWr)
 13210 | D:12     | Found a runed translucent gate.
 13251 | D:12     | Identified the +1 ring mail of Yrcha {Rampage +Blink rC++
                  | MP+9}
 13255 | D:12     | Found a roughly hewn altar of Beogh.
 13384 | D:12     | Reached skill level 7 in Invocations
 13436 | D:12     | Noticed a boulder beetle
 13465 | D:12     | Killed a boulder beetle
 13615 | D:12     | Found the +8 demon trident "Rift" {distort, reach+}
 13624 | D:12     | Identified the staff of Dishonour {rF+ rC+ Int+3 Dex+3
                  | Necro Ice}
 13634 | D:12     | Noticed an entropy weaver
 13637 | D:12     | Reached skill level 8 in Invocations
 13637 | D:12     | Noticed an entropy weaver
 13645 | D:12     | Identified the +4 morningstar of False Accusations {freeze,
                  | rElec rC+}
 13649 | D:12     | Killed an entropy weaver
 13650 | D:12     | Reached XP level 13. HP: 32/96 MP: 0/0
 13650 | D:12     | Learned a level 5 spell: Fireball
 13658 | D:12     | Killed an entropy weaver
 13659 | D:12     | Reached skill level 9 in Invocations
 13926 | D:12     | Found a staircase to the Orcish Mines.
 13939 | D:12     | Reached skill level 10 in Invocations
 14354 | Lair:1   | Entered Level 1 of the Lair of Beasts
 14530 | Lair:1   | Reached skill level 11 in Invocations
 14875 | Lair:1   | Reached skill level 1 in Stealth
 15677 | Lair:2   | Reached skill level 12 in Invocations
 15920 | Lair:2   | Reached skill level 1 in Evocations
 16017 | Lair:2   | Reached skill level 5 in Stealth
 16101 | Lair:2   | Found a hole to the Spider Nest.
 16636 | Lair:3   | Reached XP level 14. HP: 95/103 MP: 0/0
 16680 | Lair:3   | Found a gate leading to a gauntlet.
 16695 | Lair:3   | HP: 2/103 [catoblepas (7)]
 16698 | Lair:3   | Mangled by a catoblepas

Illustrated notes

Levels and vault maps discovered:
D:1:      lemuel_arrival_cross, layout_basic, minmay_strange_pillars,
          chequers_serial_rivers_micro_d, minmay_liquid_box
D:2:      layout_loops_ring, ebering_ecumenical_altar_petrified,
          minmay_misc_feat_rugged
D:3:      layout_basic, nicolae_overflow_crystal_walls, grunt_dithmenos_smoke,
          uniq_ijyb, uniq_jessica
D:4:      layout_basic, mainiacjoe_overflow_chevrons, jmf_multi_god_temple2
D:5:      layout_rooms, lemuel_crystal_altar, st_stairs_2, guppyfry_shop_venom
D:6:      layout_basic, minmay_temple_entry_gardened_gates, nrook_loot_triangle,
          uniq_pikel, uniq_eustachio
D:7:      layout_loops_ring, mainiacjoe_overflow_brackets, enter_bailey_5,
          hangedman_abyss_or_decor_stagger, uniq_menkaure
D:8:      minmay_angry_zag, layout_basic, nicolae_qazlal_scattered_showers,
          nicolae_gozag_seed_capital, serial_corexii_hall,
          corexii_hall_statues_i, chequers_hall_statues_wall_a, st_stairs_2,
          dilly_guarded_unrand_devastator, uniq_grum, uniq_psyche
D:9:      layout_loops_ring, hangedman_decor_slide_cut, minmay_misc_feat_tower
D:10:     dragon1_lemuel, layout_cave_pods, general_overflow_altar,
          erik_lair_island, minmay_misc_feat_five, minmay_quadrilaterals,
          uniq_josephine
D:11:     layout_layer_cave, serial_shops, nicolae_shop_stone,
          dk_noncrumbling_2, uniq_lodul
D:12:     minmay_the_grid_triangle_9x9_recursive_2
          [minmay_the_grid_triangle_9x9_prize_schism,
          minmay_the_grid_triangle_9x9_semitri,
          minmay_the_grid_triangle_9x9_minimal,
          minmay_the_grid_triangle_9x9_shrine], layout_stronghold,
          biasface_ghost_orc_armoury
Temple:   nicolae_temple_godzebo
Lair:1:   layout_gridlike, beast_lair_carwin_2
Lair:2:   layout_hall_layers, spider_nest_entry_funnel_web, beast_lair_carwin_1,
          grunt_megastairs_1
Lair:3:   layout_misc_corridors, minmay_shoals_entry_centaurs,
          gauntlet_entry_generic

Skill      XL: |  1  2  3  4  5  6  7  8  9 10 11 12 13 |
---------------+----------------------------------------+-----
Unarmed Combat | 3 4 6 7 9 10 | 10.0
Fighting       | 4 6 8 9 10 | 10.0
Dodging        | 5 9 10 | 10.0
Shields        | 6 9 10 | 10.0
Invocations    | 8 12 | 12.0
Stealth        | 5 |  5.0
Evocations     | 3 |  3.7
Armour         | |  3.0

Action                     |  1- 3 |  4- 6 |  7- 9 | 10-12 | 13-15 || total
---------------------------+-------+-------+-------+-------+-------++-------
  Melee: Unarmed           |   135 |   279 |   281 |   537 |   371 ||  1603
  Throw: Throwing net      |       |       |     1 |       |       ||     1
         Boomerang         |       |       |    14 |    10 |     2 ||    26
 Invoke: Slouch            |       |       |       |     1 |     9 ||    10
  Evoke: Wand              |       |     2 |       |     9 |       ||    11
         Tin of tremorston |       |       |       |     2 |       ||     2
         Sack of spiders   |       |       |       |     1 |     1 ||     2
         Lightning rod     |       |       |       |       |     4 ||     4
    Use: Scroll            |     2 |     4 |     2 |    19 |     1 ||    28
         Potion            |       |     3 |     1 |     2 |     2 ||     8
   Stab: Distracted        |       |       |       |     2 |       ||     2
         Sleeping          |       |       |       |     1 |     1 ||     2
 Armour: Scale mail        |    95 |   231 |   235 |   186 |       ||   747
         Skin              |       |       |       |     4 |       ||     4
         Acid dragon scale |       |       |       |   104 |   197 ||   301
  Dodge: Dodged            |    54 |   134 |   126 |   366 |   349 ||  1029
  Block: Buckler           |    30 |    76 |    74 |   138 |       ||   318
         Kite shield       |       |       |       |   120 |   368 ||   488

Table legend: (Time is in decaauts)
 A = Elapsed time spent in this place.
 B = Non-inter-level travel time spent in this place.
 C = Inter-level travel time spent in this place.
 D = Time resting spent in this place.
 E = Time spent auto-exploring this place.
 F = Levels seen in this place.
 G = Mean time per level.
                   A        B        C        D        E       F      G
               +--------+--------+--------+--------+--------+-----+--------+
         Total |  21082 |  20070 |   1012 |   1101 |  15096 |  17 | 1240.1 |
       Dungeon |  16897 |  15982 |    915 |    847 |  12149 |  12 | 1408.1 |
        Temple |     59 |      4 |     55 |      0 |      0 |   1 |   59.0 |
          Lair |   3365 |   3323 |     42 |      0 |   2627 |   3 | 1121.7 |
        Bailey |    760 |    760 |      0 |    254 |    319 |   1 |  760.0 |
               +--------+--------+--------+--------+--------+-----+--------+

Top non-repeatable levels by time:
    D:10: 2241 daAuts
    D:11: 2093 daAuts
     D:6: 2024 daAuts
  Lair:2: 1801 daAuts
     D:8: 1655 daAuts
    D:12: 1564 daAuts
  Lair:1: 1461 daAuts
     D:9: 1451 daAuts
     D:7: 1364 daAuts
     D:4: 1206 daAuts
     D:3: 1009 daAuts
     D:2: 817 daAuts
  Bailey: 760 daAuts
     D:5: 744 daAuts
     D:1: 723 daAuts
